 Dungeon Crawl Stone Soup version 0.19-a0-1100-g56b2fe9 (webtiles) character file.

186 Jmtri7 the Ducker (level 5, -1/30 HPs)
             Began as a Tengu Gladiator on Aug 8, 2016.
             Slain by an iguana (9 damage)
             ... on level 4 of the Dungeon.
             The game lasted 00:04:52 (2421 turns).

Jmtri7 the Ducker (Tengu Gladiator)                 Turns: 2421, Time: 00:04:52

Health: -1/30      AC:  7    Str: 15    XL:     5   Next: 66%
Magic:  6/6        EV: 13    Int:  9    God:
Gold:   141        SH:  3    Dex: 15    Spells: 0 memorised, 4 levels left

rFire  . . .     SeeInvis .     a - +0 long sword
rCold  . . .     Gourm    .     n - +0 ring mail
rNeg   . . .     Faith    .     (no shield)
rPois  .         Spirit   .     c - +0 hat
rElec  .         Dismiss  .     (no cloak)
rCorr  .         Reflect  +     (no gloves)
SustAt .         Harm     .     (boots unavailable)
MR     .....     Rnd*Tele +     e - +3 amulet of reflection
Stlth  +.........               v - ring of teleportation (curse)
                                q - +1 ring of protection

@:
A: beak, talons 3, able to fly 1
a: Fly


You were on level 4 of the Dungeon.
You were not hungry.

You visited 1 branch of the dungeon, and saw 4 of its levels.

You collected 141 gold pieces.

Inventory:

Hand Weapons
 a - a +0 long sword (weapon)
Missiles
 d - 4 throwing nets (quivered)
Armour
 c - a +0 hat (worn)
 n - a +0 ring mail (worn)
Jewellery
 e - a +3 amulet of reflection (around neck)
 q - a +1 ring of protection (left hand)
 v - a cursed ring of teleportation (right hand)
Wands
 z - a wand of digging (1/24)
 B - a wand of iceblast (3/15)
Scrolls
 g - a scroll of identify {unknown}
 k - 5 scrolls of teleportation {unknown}
 m - a scroll of magic mapping {unknown}
 r - 2 scrolls of noise {unknown}
 y - a scroll of random uselessness {unknown}
 C - a scroll of enchant weapon {unknown}
Potions
 b - a potion of agility {unknown}
 i - 2 potions of brilliance {unknown}
 j - a potion of resistance {unknown}
 l - 3 potions of lignification {unknown}
 o - a potion of cure mutation {unknown}
 s - a potion of ambrosia {unknown}
 u - a potion of berserk rage {unknown}
 w - 2 potions of cancellation {unknown}
 A - a potion of might {unknown}
Comestibles
 f - 2 bread rations
 h - 2 meat rations
 p - a royal jelly
 t - 5 chunks of flesh
 x - a slice of pizza


   Skills:
 - Level 2.0 Fighting
 - Level 3.2 Long Blades
 - Level 2.0 Throwing
 + Level 4.5 Armour
 - Level 4.7 Dodging


You had 4 spell levels left.
You didn't know any spells.

Dungeon Overview and Level Annotations

Branches:
Dungeon (4/15)
 Temple: D:4-7

Altars:
Pakellas


Innate Abilities, Weirdness & Mutations

You have a beak for a mouth.
You have claws for feet.
You can fly.


Message History

Some of the chunks of flesh in your inventory have rotted away.
An iguana comes into view.
The iguana hisses angrily.
Found a stone staircase leading down.
The iguana closely misses you.
Your ring mail prevents you from hitting the iguana.
Your kick misses the iguana. You peck the iguana.
The iguana is lightly wounded.
The iguana bites you! x2
* * * LOW HITPOINT WARNING * * *
You slash the iguana!
The iguana is severely wounded.
The iguana bites you but does no damage.
You hit the iguana. You claw the iguana, but do no damage.
The iguana is almost dead.
The iguana barely misses you.
You closely miss the iguana. You claw the iguana, but do no damage.
The iguana is almost dead.
The iguana bites you!
You die...

...........
#.........#
#......>..#
#.........#
.........#
#.. .......#
####.#
#l....# ..#.#
#.# #@.# ...#
#.###.## #..#
#.##..# #..#
#.##.##
#..###.#..#
##....#.#.##
#..##...#.##
##.####.....#
# #..#
###..#.##


You could see an iguana.

Vanquished Creatures
  A scorpion (D:4)
  A hound (D:4)
  Terence (D:3)
  A gnoll (D:1)
  2 adders
  A dart slug (D:1)
  2 giant geckos
  A ball python (D:3)
  8 goblins
  4 hobgoblins
  5 jackals
  7 kobolds
  A quokka (D:2)
  13 bats
  A giant newt (D:3)
  3 rats (D:3)
52 creatures vanquished.

Notes
Turn   | Place    | Note
-------+----------+-------------------------------------------
     0 | D:1      | Jmtri7 the Tengu Gladiator began the quest for the Orb.
     0 | D:1      | Reached XP level 1. HP: 12/12 MP: 2/2
    53 | D:1      | Reached skill level 1 in Armour
    59 | D:1      | Reached XP level 2. HP: 9/17 MP: 3/3
   829 | D:1      | Reached XP level 3. HP: 14/21 MP: 4/4
  1817 | D:3      | Reached XP level 4. HP: 26/26 MP: 5/5
  2102 | D:3      | Noticed Terence
  2114 | D:3      | Killed Terence
  2200 | D:3      | Found an oddly glowing altar of Pakellas.
  2335 | D:4      | Gained mutation: You can fly. [Tengu growth]
  2335 | D:4      | Reached XP level 5. HP: 28/30 MP: 6/6
  2421 | D:4      | Slain by an iguana

Vault maps used:
D:1:      tarquinn_simple_flora_water_b
D:2:      first_bread
D:3:      minmay_misc_feat_room, johnstein_pakellas_dig, uniq_terence
D:4:      serial_shops, shop

Skill      XL: |  1  2  3  4 |
---------------+-------------+-----
Armour         | 1 3 4 |  4.5
Dodging        | 4 |  4.7
Fighting       | |  2.0
Long Blades    | |  3.2
Throwing       | |  2.0

Action                   |  1- 3 |  4- 6 || total
-------------------------+-------+-------++-------
Melee: Long sword        |   101 |    72 ||   173
       Kick              |    21 |    19 ||    40
       Peck              |     9 |    14 ||    23
 Stab: Sleeping          |     1 |       ||     1
  Eat: Chunk             |     3 |     2 ||     5
Armor: Leather armour    |    10 |       ||    10
       Ring mail         |    24 |    16 ||    40
Dodge: Dodged            |    49 |    32 ||    81
Block: Other             |     7 |       ||     7
